 Dungeon Crawl Stone Soup version 0.31-a0-981-geadf994542 (webtiles) character file.

Game seed: 6481781246466307053

188 CowFu the Ruffian (level 5, -5/42 HPs)
             Began as a Draconian Shapeshifter on Oct 31, 2023.
             Slain by Pikel
             ... wielding a +1 whip of freezing
              (9 damage)
             ... while paralysed by Pikel
             ... on level 4 of the Dungeon.
             The game lasted 00:03:32 (2927 turns).

CowFu the Ruffian (Draconian Shapeshifter)          Turns: 2927, Time: 00:03:33

Health: -5/42      AC:  5    Str: 19    XL:     5   Next: 39%
Magic:  5/5        EV:  2    Int: 10    God:
Gold:   195        SH:  0    Dex: 10    Spells: 4/4 levels left

rFire   . .          .
                       - Unarmed
rCold   . . .        g - +2 buckler
rNeg    . . .        (body armour unavailable)
rPois   .            (helmet currently unavailable)
rElec   .            (cloak currently unavailable)
rCorr   .            (gloves currently unavailable)
SInv    +            (boots currently unavailable)
Will    .....        (no amulet)
Stlth   ++           f - ring of see invisible
HPRegen 0.27/turn    (no ring)
MPRegen 0.09/turn

%: no passive effects
@: paralysed, beast-form, invisible
A: beast (slay +1), AC +5, unfitting armour, cold-blooded
a: Begin Untransformation


You were on level 4 of the Dungeon.
You were a hulking beast.
You visited 1 branch of the dungeon, and saw 4 of its levels.

You collected 195 gold pieces.

Inventory:

Armour
 e - a +2 cloak of willpower
 g - a +2 buckler (worn)
Jewellery
 f - a ring of see invisible (left hand)
 i - an amulet of regeneration
Talismans
 b - a beast talisman
 c - a flux talisman
Scrolls
 d - a scroll of enchant weapon
 j - a scroll of identify
 k - a scroll of noise
Potions
 a - 2 potions of lignification
 h - a potion of might {unknown}
 l - a potion of curing {unknown}
 m - a potion of enlightenment
 o - a potion of mutation {unknown}


   Skills:
 + Level 2.5 Fighting
 + Level 2.6 Dodging
 + Level 1.6 Stealth
 + Level 1.5 Shields
 * Level 4.0 Unarmed Combat
 + Level 3.4 Shapeshifting


You had 4 spell levels left.
You didn't know any spells.
Your spell library contained the following spells:

 Spells                   Type           Power      Damage    Failure   Level
 Apportation              Tloc           0%         N/A       43%         1
 Jinxbite                 Hex            0%         N/A       58%         2
 Alistair's Intoxication  Tmut/Pois      0%         N/A       100%        5


Dungeon Overview and Level Annotations

Branches:
Dungeon (4/15)
 Temple: D:4-7

Altars:

Annotations:
D:3 2 transporters, Runia's ghost, amateur GnRe
D:4 Pikel


Innate Abilities, Weirdness & Mutations

You are a hulking beast.
Your limbs bulge with bestial killing power. (Slay +1)
Your plain brown scales are hard. (AC +5)
You cannot fit into any form of body armour.
You are cold-blooded and may be slowed by cold attacks.


Message History

You fade into invisibility!
Pikel zaps a wand.
You resist with some effort.
You hit Pikel.
Your tail-slap misses Pikel.
Pikel is lightly wounded.
Pikel zaps a wand.
You suddenly lose the ability to move!
Pikel hits you with a +1 whip of freezing.
Pikel freezes you.
Pikel hits you with a +1 whip of freezing.
You feel yourself slow down. Pikel freezes you.
Pikel hits you with a +1 whip of freezing!
Pikel freezes you.
You feel yourself speed up.
Pikel hits you with a +1 whip of freezing.
Pikel freezes you.
You can move again.
You strike the helpless Pikel from behind!
You hit Pikel.
Your tail-slap misses Pikel.
Pikel is lightly wounded.
You block Pikel's attack.
Unknown command.
You closely miss Pikel.
Pikel is lightly wounded.
Pikel zaps a wand.
You shrug off the repeated paralysis!
You barely miss Pikel.
Pikel is lightly wounded.
Pikel hits you with a +1 whip of freezing!
* * * LOW HITPOINT WARNING * * *
You feel yourself slow down. Pikel freezes you.
* * * LOW HITPOINT WARNING * * *
You hit Pikel.
Pikel is lightly wounded.
Pikel zaps a wand.
You resist with some effort.
You punch Pikel!
Pikel is moderately wounded.
You feel yourself speed up.
Pikel zaps a wand.
You suddenly lose the ability to move!
A lemure comes into view.
Pikel hits you with a +1 whip of freezing!
You die...
Pikel says, "Another soul for the market."

#########.# #..#...#####.#
..........# #..##.## #.###
........### #..##.# #....
#######.#######..##.######.#.#
#..........##.......###.
#.#####.############<#.# #.#
#.# ##.## #.# #.# #.# #.# #h#
#.# #.# #K# #.. ..# #5# ###
.## #.# #.# #.# #.# ..#####5#
........#


You could see Pikel (unable to see you) and 2 lemures.

Vanquished Creatures
  Crazy Yiuf (D:2)
  An orc wizard (D:3)
  6 adders
  A worm (D:2)
  4 dart slugs
  3 orcs (D:3)
  5 endoplasms
  4 giant cockroaches (D:1)
  2 goblins
  5 hobgoblins
  4 jackals (D:1)
  3 quokkas
  5 ball pythons
  6 bats
  3 frilled lizards
  5 kobolds
  11 rats
69 creatures vanquished.

Notes
Turn   | Place    | Note
-------+----------+-------------------------------------------
     0 | D:1      | CowFu the Draconian Shapeshifter began the quest for the
                  | Orb.
     0 | D:1      | Reached XP level 1. HP: 16/16 MP: 1/1
   174 | D:1      | Reached XP level 2. HP: 23/23 MP: 2/2
   498 | D:1      | Reached XP level 3. HP: 29/29 MP: 3/3
  1262 | D:2      | Reached skill level 1 in Stealth
  1533 | D:2      | Found a runed translucent door.
  1534 | D:2      | Noticed Crazy Yiuf
  1943 | D:2      | Killed Crazy Yiuf
  1944 | D:2      | Reached skill level 1 in Shields
  1944 | D:2      | Reached XP level 4. HP: 19/36 MP: 4/4
  2242 | D:3      | Reached XP level 5. HP: 42/42 MP: 5/5
  2366 | D:3      | Noticed Runia's ghost (amateur GnRe)
  2403 | D:3      | Found a transporter.
  2436 | D:3      | Found a transporter.
  2563 | D:3      | Reached skill level 4 in Unarmed Combat
  2896 | D:4      | Noticed a lemure
  2898 | D:4      | Noticed Pikel
  2909 | D:4      | Paralysed by Pikel for 5 turns
  2918 | D:4      | Paralysed by Pikel for 4 turns
  2927 | D:4      | Paralysed by Pikel for 2 turns
  2927 | D:4      | Noticed a lemure
  2927 | D:4      | Slain by Pikel

Illustrated notes

Levels and vault maps discovered:
D:1:      ebering_trefoil_twist, layout_loops_ring, grunt_decor_one_mirror
D:2:      layout_loops_corners, uniq_crazy_yiuf_cottage
D:3:      layout_loops_ring, gammafunk_ghost_stat_death, kennysheep_minor_cross,
          kennysheep_generic_room_16
D:4:      layout_loops_ring, minmay_temple_entry_wispy, serial_shops, shop,
          nicolae_shop_window_shopping, nicolae_shop_just_a_little_nook, shop,
          uniq_pikel

Skill      XL: |  1  2  3  4  5 |
---------------+----------------+-----
Dodging        | 2 |  2.6
Stealth        | 1 |  1.6
Fighting       | 2 |  2.5
Shields        | 1 |  1.5
Unarmed Combat | 4 |  4.0
Shapeshifting  | |  3.4

Action                     |  1- 3 |  4- 6 || total
---------------------------+-------+-------++-------
  Melee: Unarmed           |   128 |    79 ||   207
         Tailslap          |    11 |     6 ||    17
    Use: Scroll            |     9 |       ||     9
         Potion            |       |     1 ||     1
   Stab: Sleeping          |     5 |     1 ||     6
         Invisible         |       |     1 ||     1
 Armour: Skin              |    60 |    43 ||   103
  Dodge: Dodged            |    46 |    39 ||    85
  Block: Buckler           |    13 |    28 ||    41

Table legend: (Time is in decaauts)
 A = Elapsed time spent in this place.
 B = Non-inter-level travel time spent in this place.
 C = Inter-level travel time spent in this place.
 D = Time resting spent in this place.
 E = Time spent auto-exploring this place.
 F = Levels seen in this place.
 G = Mean time per level.
                   A        B        C        D        E       F      G
               +--------+--------+--------+--------+--------+-----+--------+
         Total |   2925 |   2766 |    159 |      0 |   2290 |   4 |  731.2 |
       Dungeon |   2925 |   2766 |    159 |      0 |   2290 |   4 |  731.2 |
               +--------+--------+--------+--------+--------+-----+--------+

Top non-repeatable levels by time:
     D:2: 1255 daAuts
     D:1: 811 daAuts
     D:3: 756 daAuts
     D:4: 102 daAuts
